 Dungeon Crawl Stone Soup version 0.30-a0-900-g23479c02f2 (webtiles) character file.

Game seed: 1381121318513100619

289 Iniera the Trooper (level 6, -26/52 HPs)
             Began as a Draconian Venom Mage on Mar 19, 2023.
             Annihilated by an ogre
             ... wielding a +0 giant club
              (30 damage)
             ... on level 4 of the Dungeon.
             The game lasted 00:08:30 (3965 turns).

Iniera the Trooper (Draconian Venom Mage)           Turns: 3965, Time: 00:08:30

Health: -26/52     AC:  7    Str: 10    XL:     6   Next: 9%
Magic:  3/11       EV: 12    Int: 18    God:
Gold:   202        SH:  0    Dex: 11    Spells: 6/12 levels left

rFire   . . .      SeeInvis +    p - +0 quarterstaff
rCold   . . .      Faith    .    (shield currently unavailable)
rNeg    . . .      Spirit   .    (body armour unavailable)
rPois   .          Reflect  .    (helmet restricted)
rElec   .          Rampage  .    (no cloak)
rCorr   .                        (no gloves)
Will    .....                    r - +0 pair of boots
Stlth   ++                       (no amulet)
HPRegen 0.28/turn                i - ring of see invisible
MPRegen 0.12/turn                (no ring)

@: very slightly contaminated
A: AC +6, unfitting armour, cold-blooded, MP-powered wands
a: no special abilities


You were on level 4 of the Dungeon.
You visited 1 branch of the dungeon, and saw 4 of its levels.

You collected 202 gold pieces.

Inventory:

Hand Weapons
 o - a +1 flail of venom
 p - a +0 quarterstaff (weapon)
Armour
 r - a +0 pair of boots (worn)
Jewellery
 c - a ring of magical power
 i - a ring of see invisible (left hand)
 k - an amulet of guardian spirit
 n - an amulet of reflection
Wands
 j - a wand of flame (11)
Scrolls
 b - a scroll of magic mapping
 f - 2 scrolls of noise
 h - a scroll of poison
Potions
 a - a potion of magic
 d - a potion of heal wounds {unknown}
 e - a potion of attraction {unknown}
 g - a potion of mutation
 l - a potion of ambrosia {unknown}
 m - 2 potions of curing {unknown}
 q - a potion of brilliance {unknown}


   Skills:
 + Level 3.9 Fighting
 * Level 2.1 Staves
 - Level 2.6 Dodging
 - Level 2.0 Stealth
 - Level 3.6 Spellcasting
 - Level 1.0 Transmutations
 - Level 3.0 Poison Magic


You had 6 spell levels left.
You knew the following spells:

 Your Spells              Type           Power      Damage    Failure   Level
a - Sting                 Tmut/Pois      40%        1d5       7%          1
b - Poisonous Vapours     Pois/Air       16%        N/A       13%         2
c - Mephitic Cloud        Conj/Pois/Air  6%         N/A       30%         3

Your spell library contained the following spells:

 Spells                   Type           Power      Damage    Failure   Level
 Cigotuvi's Dreadful Rot  Necr/Pois/Air  12%        N/A       16%         2
 Olgreb's Toxic Radiance  Pois           14%        N/A       41%         4
 Eringya's Noxious Bog    Tmut/Pois      5%         N/A       100%        6
 Animate Armour           Summ/Erth      Unusable   N/A       N/A         4

Dungeon Overview and Level Annotations

Branches:
Dungeon (4/15)
 Temple: D:4-7

Altars:
Yredelemnul

Shops:
D:1 !

Annotations:
D:3 1 runed translucent door


Innate Abilities, Weirdness & Mutations

Your plain brown scales are hard. (AC +6)
You cannot fit into any form of body armour.
You are cold-blooded and may be slowed by cold attacks.
You expend magic power (3 MP) to strengthen your wands.


Message History

Casting: Poisonous Vapours (safe; 13% risk of failure)
Confirm with . or Enter, or press ? or * to list all spells.
Aiming: Poisonous Vapours (safe; 13% risk of failure)
Press: ? - help, Dir - move target, f/p - ogre
Aim: an ogre, wielding a +0 giant club (lightly wounded, poisoned) Poisonous vapours surround the ogre!
The ogre looks even sicker.
Your magical contamination has completely faded away.
There is an open door here.
Casting: Poisonous Vapours (safe; 13% risk of failure)
Confirm with . or Enter, or press ? or * to list all spells.
Aiming: Poisonous Vapours (safe; 13% risk of failure)
Press: ? - help, Dir - move target, f/p - ogre
Aim: an ogre, wielding a +0 giant club (heavily wounded, poisoned)
You miscast Poisonous Vapours.
You are very lightly contaminated with residual magic.
Nothing appears to happen.
Casting: Poisonous Vapours (safe; 13% risk of failure)
Confirm with . or Enter, or press ? or * to list all spells.
Aiming: Poisonous Vapours (safe; 13% risk of failure)
Press: ? - help, Dir - move target, f/p - ogre
Aim: an ogre, wielding a +0 giant club (heavily wounded, poisoned)
You miscast Poisonous Vapours.
Nothing appears to happen.
The ogre hits you with a +0 giant club! The adder barely misses you.
The adder attacks as you move away! The adder bites you but does no damage.
The adder bites you but does no damage.
There is a stone staircase leading up here.
The ogre attacks as you move away!
The ogre hits you with a +0 giant club!!
Ouch! That really hurt!
* * * LOW HITPOINT WARNING * * *
The ogre looks more healthy.
The adder attacks as you move away! The adder closely misses you.
Okay, then.
It was a potion of mutation.
You feel extremely strange.
You feel your magical essence link to the dungeon's wands.
The adder bites you but does no damage.
The ogre hits you with a +0 giant club!!
Ouch! That really hurt!
You die...

#.##..#....####......#
#..........# #......#
##....#....# #......###
#######.#..#....######......#
#..........#........K.......#
###.##......................#
#.###.#..##...............#
#.###.#..##....O.<..........
#.............@S....#####....
#.....#########.....# ....
#####)#### #.....# ...
#....## #.....# #.##..#
####### #.....# ####..#
#.....### #.##....#


You could see an ogre, an adder and a kobold.

Vanquished Creatures
  2 orc priests (D:3)
  A jelly (D:4)
  An orc wizard (D:3)
  An iguana (D:4)
  6 adders
  A gnoll (D:3)
  An ufetubus (D:4)
  3 worms
  4 dart slugs
  6 orcs
  An endoplasm (D:1)
  3 giant cockroaches (D:1)
  6 goblins
  4 hobgoblins
  2 quokkas
  7 ball pythons
  4 bats
  A frilled lizard (D:3)
  5 kobolds
  7 rats
66 creatures vanquished.

Notes
Turn   | Place    | Note
-------+----------+-------------------------------------------
     0 | D:1      | Iniera the Draconian Venom Mage began the quest for the
                  | Orb.
     0 | D:1      | Reached XP level 1. HP: 14/14 MP: 3/3
    22 | D:1      | Found a faded altar of an unknown god.
   229 | D:1      | Found Giusof's Distillery.
   268 | D:1      | Reached skill level 1 in Fighting
   467 | D:1      | Reached XP level 2. HP: 23/23 MP: 3/5
   470 | D:1      | Learned a level 2 spell: Poisonous Vapours
  1391 | D:2      | Reached XP level 3. HP: 12/29 MP: 1/7
  1663 | D:2      | Got the Verses on Poison and Topography
  1917 | D:2      | Learned a level 3 spell: Mephitic Cloud
  2104 | D:2      | Reached XP level 4. HP: 32/37 MP: 2/8
  2766 | D:3      | Reached XP level 5. HP: 32/45 MP: 5/10
  3078 | D:3      | Found a runed translucent door.
  3078 | D:3      | Noticed a human
  3087 | D:3      | Found a basalt altar of Yredelemnul.
  3131 | D:3      | Reached skill level 1 in Staves
  3811 | D:4      | Reached XP level 6. HP: 21/52 MP: 11/11
  3965 | D:4      | Gained mutation: You expend magic power (3 MP) to
                  | strengthen your wands. [potion of mutation]
  3965 | D:4      | Annihilated by an ogre

Illustrated notes

Levels and vault maps discovered:
D:1:      minmay_arrival_four_circles, layout_basic,
          ebering_ecumenical_altar_mist, serial_shops, nicolae_lakefront_shop
D:2:      layout_loops_ring, nrook_mini_backslash
D:3:      minmay_chambers_of_threes, layout_basic, dk_yredelemnul_ordeal,
          portal_sewer_entry_d, minmay_misc_feat_plants, kennysheep_orc_chapel
D:4:      layout_basic, uniq_grinder

Skill      XL: |  1  2  3  4  5 |
---------------+----------------+-----
Fighting       | 1 2 3 |  3.9
Spellcasting   | 3 |  3.6
Stealth        | 2 |  2.0
Dodging        | 2 |  2.6
Staves         | 2 |  2.1
Transmutations | |  1.0
Poison Magic   | |  3.0

Action                     |  1- 3 |  4- 6 || total
---------------------------+-------+-------++-------
  Melee: Unarmed           |    33 |       ||    33
         Tailslap          |    10 |     3 ||    13
         Whip              |    43 |    24 ||    67
         Flail             |       |    24 ||    24
         Quarterstaff      |       |    33 ||    33
   Cast: Sting             |    30 |    19 ||    49
         Poisonous Vapours |     3 |    28 ||    31
    Use: Scroll            |     2 |     6 ||     8
         Potion            |       |     1 ||     1
   Stab: Sleeping          |     4 |       ||     4
 Armour: Skin              |    24 |    35 ||    59
  Dodge: Dodged            |    52 |    73 ||   125

Table legend: (Time is in decaauts)
 A = Elapsed time spent in this place.
 B = Non-inter-level travel time spent in this place.
 C = Inter-level travel time spent in this place.
 D = Time resting spent in this place.
 E = Time spent auto-exploring this place.
 F = Levels seen in this place.
 G = Mean time per level.
                   A        B        C        D        E       F      G
               +--------+--------+--------+--------+--------+-----+--------+
         Total |   3990 |   3878 |    112 |    320 |   2830 |   4 |  997.5 |
       Dungeon |   3990 |   3878 |    112 |    320 |   2830 |   4 |  997.5 |
               +--------+--------+--------+--------+--------+-----+--------+

Top non-repeatable levels by time:
     D:3: 1198 daAuts
     D:1: 1189 daAuts
     D:2: 1111 daAuts
     D:4: 491 daAuts
